 Dungeon Crawl Stone Soup version 0.29.1-15-g9cfb28693d (webtiles) character file.

Game seed: 16927561074720601598

221 Thatpatchoflichen the Trooper (level 5, -5/50 HPs)
             Began as a Hill Orc Fighter on Mar 2, 2023.
             Slain by Crazy Yiuf
             ... wielding a +2 quarterstaff of chaos
              (11 damage)
             ... on level 2 of the Dungeon.
             The game lasted 00:03:38 (2344 turns).

Thatpatchoflichen the Trooper (Hill Orc Fighter)    Turns: 2344, Time: 00:03:40

Health: -5/50      AC: 11    Str: 21    XL:     5   Next: 98%
Magic:  5/5        EV:  6    Int:  8    God:
Gold:   71         SH:  4    Dex: 10    Spells: 4/4 levels left

rFire   . . .      SeeInvis .   a - +0 long sword
rCold   . . .      Faith    .   c - +0 buckler
rNeg    . . .      Spirit   .   o - +0 plate armour
rPois   .          Reflect  .   (no helmet)
rElec   .          Harm     .   (no cloak)
rCorr   .          Rampage  .   (no gloves)
Will    .....                   (no boots)
Stlth   ..........              (no amulet)
HPRegen 0.16/turn               j - +4 ring of evasion
MPRegen 0.09/turn               (no ring)

@: lethally poisoned (-5 -> -10), grasped by roots, constricted
A: no striking features
a: no special abilities


You were on level 2 of the Dungeon.
You visited 1 branch of the dungeon, and saw 2 of its levels.

You collected 71 gold pieces.

Inventory:

Hand Weapons
 a - a +0 long sword (weapon)
Missiles
 f - 4 poisoned darts (quivered)
 l - 6 boomerangs
Armour
 c - a +0 buckler (worn)
 o - a +0 plate armour (worn)
Jewellery
 j - a +4 ring of evasion (left hand)
Wands
 n - a wand of flame (26)
Scrolls
 g - a scroll of vulnerability {unknown}
 h - a scroll of noise {unknown}
 m - a scroll of immolation {unknown}
Potions
 d - 2 potions of might
 e - a potion of heal wounds {unknown}
 i - a potion of ambrosia {unknown}
 k - 2 potions of degeneration {unknown}


   Skills:
 + Level 5.8 Fighting
 - Level 4.0 Long Blades
 - Level 4.0 Armour
 - Level 4.0 Shields


You had 4 spell levels left.
You didn't know any spells.
Your spell library contained the following spells:

 Spells                   Type           Power      Damage    Failure   Level
 Sublimation of Blood     Necr           0%         N/A       100%        2
 Portal Projectile        Hex/Tloc       0%         N/A       100%        3
 Tukima's Dance           Hex            0%         N/A       100%        3
 Petrify                  Tmut/Erth      0%         N/A       100%        4
 Blade Hands              Tmut           0%         N/A       100%        5
 Irradiate                Conj/Tmut      0%         3d11      100%        5


Dungeon Overview and Level Annotations

Branches:
Dungeon (2/15)

Altars:

Annotations:
D:2 Crazy Yiuf


Message History

Crazy Yiuf zaps a wand.
The roots erupt in riotous growth!
The grasping roots grab you!
Crazy Yiuf is unaffected.
The grasping roots constrict you.
You slash Crazy Yiuf!
Crazy Yiuf is severely wounded.
Crazy Yiuf completely misses you. The grasping roots constrict you.
Crazy Yiuf hits you but does no damage. The grasping roots constrict you.
The grasping roots release their grip on you.
You hit Crazy Yiuf.
Crazy Yiuf is severely wounded.
Crazy Yiuf hits you with a +2 quarterstaff of chaos.
Crazy Yiuf draws strength from your wounds!
You hit Crazy Yiuf.
Crazy Yiuf is severely wounded.
Crazy Yiuf closely misses you.
You hit Crazy Yiuf.
Crazy Yiuf is almost dead.
Crazy Yiuf says, "Dawk!"
Crazy Yiuf drinks a potion.
Crazy Yiuf is healed!
Crazy Yiuf laughs, "Snurf!
Shower sallow King."
Crazy Yiuf hits you but does no damage.
You closely miss Crazy Yiuf.
Crazy Yiuf is moderately wounded.
Crazy Yiuf zaps a wand.
The roots erupt in riotous growth!
The grasping roots grab you!
Crazy Yiuf is unaffected.
The grasping roots constrict you.
You hit Crazy Yiuf but do no damage.
Crazy Yiuf is moderately wounded.
Crazy Yiuf hits you with a +2 quarterstaff of chaos!
* * * LOW HITPOINT WARNING * * *
You are poisoned.
The grasping roots constrict you.
* * * LOW HITPOINT WARNING * * *
You hit Crazy Yiuf but do no damage.
Crazy Yiuf is moderately wounded.
* * * LOW HITPOINT WARNING * * *
You feel very sick.
Crazy Yiuf says, "Announcement!
Iron Hive shrimp."
Crazy Yiuf hits you with a +2 quarterstaff of chaos!
You die...

##### #..)#
#...# #.g.#
#@# ##.#
#.## ######
##### ##.#
#....# #...>
#.## #....#
##### ##.##
#....# #####
#...##
#....###....
#....#
#..).....###
##..##
#....#####


You could see Crazy Yiuf.

Vanquished Creatures
  Sigmund (D:2)
  3 adders (D:2)
  A worm (D:2)
  4 endoplasms
  A giant cockroach (D:1)
  2 goblins
  2 hobgoblins
  4 jackals (D:1)
  2 kobolds
  4 ball pythons
  2 bats (D:1)
  3 frilled lizards
  5 rats (D:1)
34 creatures vanquished.

Vanquished Creatures (others)
  4 toadstools (D:1)
4 creatures vanquished.

Grand Total: 38 creatures vanquished

Notes
Turn   | Place    | Note
-------+----------+-------------------------------------------
     0 | D:1      | Thatpatchoflichen the Hill Orc Fighter began the quest for
                  | the Orb.
     0 | D:1      | Reached XP level 1. HP: 19/19 MP: 1/1
   247 | D:1      | Reached XP level 2. HP: 27/27 MP: 2/2
   982 | D:1      | Reached skill level 4 in Fighting
  1139 | D:2      | Reached XP level 3. HP: 33/33 MP: 3/3
  1843 | D:2      | Reached XP level 4. HP: 30/40 MP: 4/4
  1941 | D:2      | Noticed Sigmund
  1962 | D:2      | Killed Sigmund
  1963 | D:2      | Reached skill level 5 in Fighting
  1963 | D:2      | Reached XP level 5. HP: 18/50 MP: 5/5
  2220 | D:2      | Found a runed translucent door.
  2221 | D:2      | Noticed Crazy Yiuf
  2344 | D:2      | Slain by Crazy Yiuf

Illustrated notes

Levels and vault maps discovered:
D:1:      ldierk_water_garden, layout_loops_ring, hangedman_decor_push
D:2:      layout_rooms, uniq_crazy_yiuf_cottage, uniq_sigmund

Skill      XL: |  1  2  3  4 |
---------------+-------------+-----
Fighting       | 4 5 |  5.8
Long Blades    | 3 4 |  4.0
Armour         | 4 |  4.0
Shields        | 4 |  4.0

Action                   |  1- 3 |  4- 6 || total
-------------------------+-------+-------++-------
Melee: Long sword        |   153 |    25 ||   178
Armor: Scale mail        |    87 |       ||    87
       Plate armour      |    19 |     8 ||    27
Dodge: Dodged            |   117 |     6 ||   123
Block: Buckler           |    41 |     2 ||    43
